 Dungeon Crawl Stone Soup version 0.29.0-4-gdea44cf6ec (webtiles) character file.

Game seed: 10470696790282473701

43 qw the Chopper (level 3, -4/21 HPs)
             Began as a Tengu Warper on Aug 28, 2022.
             Slain by Sigmund
             ... wielding a +3 scythe of protection
              (9 damage)
             ... on level 2 of the Dungeon.
             The game lasted 00:00:07 (1249 turns).

qw the Chopper (Tengu Warper)                       Turns: 1249, Time: 00:00:08

Health: -4/21      AC: 10    Str: 13    XL:     3   Next: 58%
Magic:  7/7        EV:  3    Int: 13    God:
Gold:   84         SH:  0    Dex: 13    Spells: 6/6 levels left

rFire   . . .      SeeInvis .   Y - +0 hand axe
rCold   . . .      Faith    .   (no shield)
rNeg    . . .      Spirit   .   j - +0 plate armour
rPois   .          Reflect  .   (helmet restricted)
rElec   .          Harm     .   (no cloak)
rCorr   .          Rampage  .   (no gloves)
Will    .....                   (boots unavailable)
Stlth   ..........              (no amulet)
HPRegen 0.07/turn               (no ring)
MPRegen 0.10/turn               (no ring)

@: no status effects
A: beak, talons 3
a: no special abilities


You were on level 2 of the Dungeon.
You visited 1 branch of the dungeon, and saw 2 of its levels.

You collected 84 gold pieces.


Innate Abilities, Weirdness & Mutations

You have a beak for a mouth.
You have claws for feet.


   Skills:
 - Level 2.0 Fighting
 - Level 4.0 Axes
 - Level 1.0 Throwing
 + Level 1.7 Armour
 - Level 2.1 Dodging
 - Level 2.0 Spellcasting
 - Level 2.4 Translocations


You had 6 spell levels left.
You didn't know any spells.
Your spell library contained the following spells:

 Spells                   Type           Power      Damage    Failure   Level
 Blink                    Tloc           14%        N/A       100%        2
 Gell's Gravitas          Tloc           7%         N/A       100%        3
 Lesser Beckoning         Tloc           7%         N/A       100%        3
 Teleport Other           Tloc           7%         N/A       100%        3
 Manifold Assault         Tloc           7%         N/A       100%        5

Inventory:

Hand Weapons
 d - a +0 club
 Y - a +0 hand axe (weapon)
Armour
 g - a +0 pair of gloves
 j - a +0 plate armour (worn)
Scrolls
 a - a scroll of fear {unknown}
 b - a scroll of fog {unknown}
Potions
 c - a potion of cancellation {unknown}
 e - a potion of brilliance {unknown}
 f - a potion of haste
 h - 2 potions of curing

Dungeon Overview and Level Annotations

Branches:
Dungeon (2/15)

Altars:

Shops:
D:2 :

Annotations:
D:2 Sigmund


Message History

The frilled lizard hisses angrily.
You see here a +0 spear.
You slash the frilled lizard!
You kill the frilled lizard!
You see here a frilled lizard corpse.
g - a +0 pair of gloves You see here a frilled lizard skeleton.
You see here 3 stones.
Found a stone staircase leading down.
Sigmund the Dreaded comes into view.
He is wielding a +3 scythe of protection.
Sigmund shouts!
Sigmund casts a spell at you. The magic dart hits you.
1228 ||| FLEEEEING.
A rat comes into view.
1230 ||| FLEEEEING.
1231 ||| FLEEEEING.
Sigmund casts a spell at you. You resist with significant effort.
1232 ||| FLEEEEING.
1233 ||| FLEEEEING.
1234 ||| FLEEEEING.
1235 ||| FLEEEEING.
1236 ||| FLEEEEING.
1237 ||| FLEEEEING.
1238 ||| FLEEEEING.
1239 ||| FLEEEEING.
1240 ||| FLEEEEING.
1241 ||| FLEEEEING.
1242 ||| FLEEEEING.
1243 ||| FLEEEEING.
1244 ||| Stepping ~*~*~tactically~*~*~ (hiding).
The rat bites you.
You hit the rat.
You kill the rat!
Sigmund hits you from afar with a +3 scythe of protection!
Ouch! That really hurt!
You barely miss Sigmund. Your peck misses Sigmund.
Sigmund hits you with a +3 scythe of protection!
You die...

####.##.# #....####
#....## #.....####
#####
#........######
#####....
##....###......#
#........
###.....(###.....###
#...###%. ..#......#
#.......# #.### ###
....%)...# #....@..#
#.# # .....#####
#.....@.######.# #
.....#
####....##..:..# #
.....# #...........#
# .....#
#...%...r...# #
.....#
####......#.###+###
######
####..........P....
#......(...........
#......##......##


You could see Sigmund.

Vanquished Creatures
  An adder (D:2)
  A worm (D:2)
  2 endoplasms (D:2)
  2 giant cockroaches (D:2)
  2 goblins (D:1)
  3 hobgoblins (D:2)
  2 quokkas
  3 ball pythons
  8 bats
  4 frilled lizards
  A kobold (D:2)
  3 rats (D:2)
32 creatures vanquished.

Vanquished Creatures (others)
  A demonic plant (D:2)
1 creature vanquished.

Grand Total: 33 creatures vanquished

Notes
Turn   | Place    | Note
-------+----------+-------------------------------------------
     0 | D:1      | qw the Tengu Warper began the quest for the Orb.
     0 | D:1      | Reached XP level 1. HP: 12/12 MP: 4/4
     0 | D:1      | 0 ||| qw: Version: 0.1-a-89-g26bdef1
     0 | D:1      | 0 ||| qw: Game counter: 1614
     0 | D:1      | 0 ||| qw: Always use a shield: true
     0 | D:1      | 0 ||| qw: God list: Okawaru
     0 | D:1      | 0 ||| qw: Allow faded altars: false
     0 | D:1      | 0 ||| qw: Do Orc after D:15 true
     0 | D:1      | 0 ||| qw: Do second Lair branch before Depths: true
     0 | D:1      | 0 ||| qw: Lair rune preference: random
     0 | D:1      | 0 ||| qw: Plans: Normal
     0 | D:1      | 0 ||| PLANNING D:1-11
   325 | D:1      | Reached XP level 2. HP: 17/17 MP: 6/6
   528 | D:1      | Reached skill level 3 in Axes
   648 | D:1      | 648 ||| UPGRADING to +0 plate armour.
   658 | D:1      | 658 ||| DROPPING +0 leather armour.
   659 | D:1      | 659 ||| READING scroll labelled XAESUWN UHER.
   660 | D:1      | 660 ||| READING scroll labelled MIROUT PIDOMY.
   661 | D:1      | 661 ||| DRINKING 2 smoky green potions.
   662 | D:1      | 662 ||| DRINKING 3 sapphire potions.
   663 | D:1      | 663 ||| DROPPING scroll of blinking.
   877 | D:2      | Reached XP level 3. HP: 21/21 MP: 7/7
   935 | D:2      | Reached skill level 4 in Axes
   955 | D:2      | Found Gomeana's Book Shop.
  1227 | D:2      | Noticed Sigmund
  1228 | D:2      | 1228 ||| FLEEEEING.
  1230 | D:2      | 1230 ||| FLEEEEING.
  1231 | D:2      | 1231 ||| FLEEEEING.
  1232 | D:2      | 1232 ||| FLEEEEING.
  1233 | D:2      | 1233 ||| FLEEEEING.
  1234 | D:2      | 1234 ||| FLEEEEING.
  1235 | D:2      | 1235 ||| FLEEEEING.
  1236 | D:2      | 1236 ||| FLEEEEING.
  1237 | D:2      | 1237 ||| FLEEEEING.
  1238 | D:2      | 1238 ||| FLEEEEING.
  1239 | D:2      | 1239 ||| FLEEEEING.
  1240 | D:2      | 1240 ||| FLEEEEING.
  1241 | D:2      | 1241 ||| FLEEEEING.
  1242 | D:2      | 1242 ||| FLEEEEING.
  1243 | D:2      | 1243 ||| FLEEEEING.
  1244 | D:2      | 1244 ||| Stepping ~*~*~tactically~*~*~ (hiding).
  1247 | D:2      | HP: 5/21 [Sigmund/+3 scythe of protection (11)]
  1249 | D:2      | Slain by Sigmund

Levels and vault maps discovered:
D:1:      dpeg_arrival_shelter, layout_loops_ring, roderic_roman_lattice
D:2:      layout_basic, dreamdust_ecumenical_altar_sealed_demon, serial_shops,
          shop, uniq_sigmund

Skill      XL: |  1  2  3 |
---------------+----------+-----
Axes           | 3 4 |  4.0
Fighting       | |  2.0
Throwing       | |  1.0
Armour         | |  1.7
Dodging        | |  2.1
Spellcasting   | |  2.0
Translocations | |  2.4

Action                   || total
-------------------------++-------
Melee: Hand axe          ||    57
       Kick              ||    14
       Peck              ||     7
Throw: Boomerang         ||     7
  Use: Scroll            ||     2
       Potion            ||     2
Armor: Leather armour    ||     3
       Plate armour      ||    31
Dodge: Dodged            ||    11

Table legend:
 A = Non-vault XP
 B = Vault XP
 C = Vault XP percentage of total XP
 D = Non-vault monster count
 E = Vault monster count
 F = Vault count percentage of total count
                 A         B        C        D         E       F
            +---------+---------+-------+---------+---------+-------
      Total |      62 |       0 |   0.0 |      32 |       0 |   0.0
            +---------+---------+-------+---------+---------+-------
        D:1 |      11 |       0 |   0.0 |       8 |       0 |   0.0
        D:2 |      51 |       0 |   0.0 |      24 |       0 |   0.0
            +---------+---------+-------+---------+---------+-------
